 Dungeon Crawl Stone Soup version 0.27-a0-1181-g5f64966fcc (webtiles) character file.

Game seed: 2819014541068950544

42 Wyvernaa the Sneak (level 3, -4/24 HPs)
             Began as an Octopode Brigand on May 18, 2021.
             Slain by a thrashing horror (9 damage)
             ... on level 1 of the Abyss.
             The game lasted 00:06:23 (1219 turns).

Wyvernaa the Sneak (Octopode Brigand)               Turns: 1219, Time: 00:06:23

Health: -4/24      AC:  1    Str: 10    XL:     3   Next: 54%
Magic:  3/3        EV: 12    Int: 13    God:
Gold:   71         SH:  0    Dex: 14    Spells: 2/2 levels left

rFire    . . .     SeeInvis .   a - +3 dagger
rCold    . . .     Faith    .   (no shield)
rNeg     . . .     Spirit   .   (helmet restricted)
rPois    .         Reflect  .   (no amulet)
rElec    .         Harm     .   (no ring)
rCorr    .         Rampage  .   (no ring)
Will     .....                  (no ring)
Stlth    ++++......             (no ring)
HPRegen  0.08/turn              (no ring)
MPRegen  0.08/turn              (no ring)
                                (no ring)
                                (no ring)

@: no status effects
A: almost no armour, amphibious, 8 rings, camouflage 1, gelatinous body 1,
(nimble swimmer 1), tentacles
a: no special abilities


You were on level 1 of the Abyss.
You visited 1 branch of the dungeon, and saw 1 of its levels.
You visited the Abyss 1 time.

You collected 71 gold pieces.

Inventory:

Hand Weapons
 a - a +3 dagger (weapon)
Missiles
 b - 2 poisoned darts (quivered)
 c - 2 curare-tipped darts
Wands
 d - a wand of flame (10)
Scrolls
 e - a scroll of fear
 g - a scroll of identify


   Skills:
 + Level 2.0 Fighting
 * Level 2.3 Short Blades
 * Level 2.1 Throwing
 + Level 1.0 Dodging
 * Level 6.7 Stealth


You had 2 spell levels left.
You didn't know any spells.
Your spell library contained the following spells:

 Spells                   Type           Power      Damage    Failure   Level
 Ice Form                 Ice/Tmut       0%         N/A       97%         4
 Summon Ice Beast         Ice/Summ       0%         N/A       97%         4
 Freezing Cloud           Conj/Ice/Air   0%         6-21      100%        6
 Simulacrum               Ice/Necr       0%         N/A       100%        6
 Ozocubu's Refrigeration  Ice            0%         4d5       100%        7


Dungeon Overview and Level Annotations

Branches:
Dungeon (1/15)

Altars:


Innate Abilities, Weirdness & Mutations

You cannot wear most types of armour.
You are amphibious.
You can wear up to eight rings at the same time.
Your skin changes colour to match your surroundings (Stealth+).
Your rubbery body absorbs attacks. (AC +1, EV +1)
((You are camouflaged near water. (Stealth+)))
You have tentacles for arms and can constrict up to eight enemies at once.


Message History

As you read the scroll labelled ZOFUFOI VIWOR, it crumbles to dust.
It is a scroll of identify.
h - a potion of degeneration Drop what? 7/52 slots (_ for help) (? for menu, Esc to quit)
You drop a potion of degeneration.
Found a golden potion.
Found a hardcover book.
An orange demon comes into view.
You see here a golden potion.
Found a copper wand.
A sky beast comes into view.
You pick up a book of Ice and begin reading...
You add the spells Ice Form, Summon Ice Beast, Freezing Cloud, Simulacrum and Ozocubu's Refrigeration to your library.
d - a wand of flame (10)
A wretched star comes into view.
Found a gateway leading deeper into the Abyss.
A worldbinder comes into view.
Found 42 gold pieces.
You now have 71 gold pieces (gained 42).
A tentacled starspawn comes into view.
A thrashing horror and an ancient zyme come into view.
You feel yourself growing ill in the presence of the ancient zyme.
A hellwing comes into view.
A raiju comes into view.
The hellwing gives a chilling moan.
Unknown command.
A neqoxec comes into view.
A thrashing horror comes into view.
The hellwing swoops through the air toward you!
The hellwing closely misses you. The hellwing hits you.
The thrashing horror roars!
You hit the hellwing but do no damage.
You squeeze the hellwing, but do no damage.
You barely miss the hellwing. The hellwing hits you! The hellwing hits you.
A wraith comes into view.
As you read the scroll labelled UGIMUMN YGIAWN, it crumbles to dust.
It is a scroll of enchant weapon.
Your +2 dagger glows red for a moment.
The hellwing hits you. x2
* * * LOW HITPOINT WARNING * * *
The thrashing horror tramples you!
You die...

..§..4#. ## .
####..###. # #.... ..##
.. # ##§#.# .. #.### #.
. . W #.##. ... . ...
##.. ..#.#.#.
.....#######.######
###.
......4@............. .
......X........#....
...
.......................
.....................
..
≈≈≈≈≈≈≈≈.#≈≈≈≈≈#......
≈≈≈.....≈≈≈≈≈≈.....
#...#......≈≈........ #
..........≈≈...... ..#
. .#


You could see a thrashing horror, a hellwing and a wraith (wandering).

Vanquished Creatures
  A gnoll (D:1)
  2 dart slugs (D:1)
  A bat (D:1)
  7 endoplasms (D:1)
  3 giant cockroaches (D:1)
  A goblin (D:1)
  3 hobgoblins (D:1)
  2 jackals (D:1)
  3 frilled lizards (D:1)
  A rat (D:1)
24 creatures vanquished.

Vanquished Creatures (others)
  2 withered plants (D:1)
2 creatures vanquished.

Grand Total: 26 creatures vanquished

Notes
Turn   | Place    | Note
-------+----------+-------------------------------------------
     0 | D:1      | Wyvernaa the Octopode Brigand began the quest for the Orb.
     0 | D:1      | Reached XP level 1. HP: 14/14 MP: 1/1
   106 | D:1      | Reached skill level 6 in Stealth
   106 | D:1      | Reached XP level 2. HP: 2/19 MP: 2/2
   495 | D:1      | Reached XP level 3. HP: 24/24 MP: 3/3
   556 | D:1      | Found a faded altar of an unknown god.
   995 | D:1      | Cast into level 1 of the Abyss (gnoll)
  1082 | Abyss:1  | Noticed a spatial vortex
  1086 | Abyss:1  | Noticed a small abomination
  1087 | Abyss:1  | Noticed a spatial vortex
  1112 | Abyss:1  | Noticed an orange demon
  1117 | Abyss:1  | Noticed a sky beast
  1138 | Abyss:1  | Noticed a wretched star
  1146 | Abyss:1  | Noticed a worldbinder
  1181 | Abyss:1  | Noticed a tentacled starspawn
  1194 | Abyss:1  | Noticed an ancient zyme
  1194 | Abyss:1  | Noticed a thrashing horror
  1203 | Abyss:1  | Noticed a hellwing
  1203 | Abyss:1  | Noticed a raiju
  1208 | Abyss:1  | Noticed a neqoxec
  1214 | Abyss:1  | Noticed a thrashing horror
  1218 | Abyss:1  | Noticed a wraith
  1219 | Abyss:1  | Slain by a thrashing horror

Illustrated notes

Levels and vault maps discovered:
D:1:      noname_arrival_rooms_in_the_neighbourhood, layout_basic,
          ebering_ecumenical_altar_petrified, hangedman_decor_growths
Abyss:1:  base: Temple, hangedman_abyss_or_decor_lesser_grid

Skill      XL: |  1 |
---------------+----+-----
Stealth        | 6 |  6.7
Fighting       | |  2.0
Short Blades   | |  2.3
Throwing       | |  2.1
Dodging        | |  1.0

Action                   || total
-------------------------++-------
Melee: Dagger            ||    46
       Constrict         ||    10
       Tentacles         ||     7
Throw: Dart              ||    11
  Use: Scroll            ||     4
 Stab: Sleeping          ||    10
Armor: Skin              ||     1
Dodge: Dodged            ||    21

Table legend: (Time is in decaauts)
 A = Elapsed time spent in this place.
 B = Non-inter-level travel time spent in this place.
 C = Inter-level travel time spent in this place.
 D = Time resting spent in this place.
 E = Time spent auto-exploring this place.
 F = Levels seen in this place.
 G = Mean time per level.
                   A        B        C        D        E       F      G
               +--------+--------+--------+--------+--------+-----+--------+
         Total |   1212 |   1212 |      0 |    342 |    403 |   2 |  606.0 |
       Dungeon |    989 |    989 |      0 |    264 |    403 |   1 |  989.0 |
         Abyss |    223 |    223 |      0 |     78 |      0 |   1 |  223.0 |
               +--------+--------+--------+--------+--------+-----+--------+

Top non-repeatable levels by time:
     D:1: 989 daAuts
 Abyss:1: 223 daAuts
